General information
- name: BNet
- type: Ladder 1vs1/FFA
- host: Battle.net
- saver: LW-Stupidus
map: TerenasStand
- players: 2
- length: 17:43
- speed: Fast
- version: 1.23 W3XP
- replay type: Public
» download(62 KB)
Players
team 1 (winner)
LW-Stupidus (
purple | 74 APM | 1312 actions | 17:43)
6 Priestess of the Moon
1 Scout
3 Trueshot Aura
1 Searing Arrows
1 Starfall
» actions
| Assign group hotkey | 31 | |
| Basic commands | 95 | |
| Build / train | 59 | |
| ESC pressed | 3 | |
| Enter build submenu | 34 | |
| Enter hero's abilities submenu | 6 | |
| Right click | 550 | |
| Select / deselect | 314 | |
| Select group hotkey | 166 | |
| Use ability | 54 | |
1312 total
» units
| Wisp | 27 | |
| Huntress | 10 | |
| Archer | 6 | |
| Glaive Thrower | 3 | |
46 total
» upgrades
| Strength of the Moon | 1 | |
| Improved Bows | 1 | |
| Vorpal Blades | 1 | |
3 total
» buildings
| Altar of Elders | 1 | |
| Moon Well | 12 | |
| Hunter's Hall | 1 | |
| Ancient of War | 6 | |
| Tree of Life | 1 | |
| Ancient Protector | 2 | |
| Tree of Ages | 1 | |
| Tree of Eternity | 1 | |
25 total
» build order
00:09 Altar of Elders
00:15 Moon Well
01:21 Hunter's Hall
01:44 Ancient of War
01:54 Moon Well
02:16 Ancient of War
02:28 Moon Well
03:04 Ancient of War
05:03 Moon Well
06:33 Tree of Life
08:16 Ancient Protector
08:51 Ancient Protector
09:43 Ancient of War
10:05 Moon Well
10:23 Moon Well
10:26 Moon Well
11:03 Moon Well
11:20 Moon Well
11:23 Ancient of War
11:41 Moon Well
12:07 Ancient of War
12:47 Tree of Ages
13:31 Moon Well
13:37 Moon Well
17:18 Tree of Eternity
» items
team 2 (loser)
oSg-Sky (
green | 98 APM | 1726 actions | 17:41)
2 Demon Hunter
1 Mana Burn
1 Evasion
» actions
| Assign group hotkey | 19 | |
| Basic commands | 84 | |
| Build / train | 49 | |
| Enter build submenu | 32 | |
| Enter hero's abilities submenu | 2 | |
| Right click | 656 | |
| Select / deselect | 567 | |
| Select group hotkey | 231 | |
| Use ability | 86 | |
1726 total
» units
| Wisp | 29 | |
| Huntress | 9 | |
| Glaive Thrower | 1 | |
| Archer | 1 | |
40 total
» buildings
| Altar of Elders | 1 | |
| Moon Well | 3 | |
| Hunter's Hall | 1 | |
| Ancient of War | 4 | |
| Ancient Protector | 17 | |
| Tree of Ages | 2 | |
28 total
» build order
00:05 Altar of Elders
00:13 Moon Well
01:30 Hunter's Hall
01:54 Ancient of War
02:11 Ancient of War
02:30 Moon Well
02:53 Moon Well
04:22 Ancient Protector
04:36 Ancient Protector
04:53 Ancient Protector
06:19 Ancient Protector
06:21 Ancient Protector
07:38 Ancient Protector
07:39 Ancient Protector
08:38 Ancient Protector
08:39 Ancient Protector
08:40 Ancient Protector
11:13 Ancient Protector
12:46 Ancient Protector
12:47 Ancient Protector
14:10 Ancient Protector
14:12 Ancient Protector
14:26 Ancient Protector
15:25 Ancient Protector
17:22 Tree of Ages
17:28 Ancient of War
17:28 Ancient of War
Chat log
(00:17 / All) oSg-Sky: gl hf
(00:20 / All) LW-Stupidus: hf
(00:23 / All) oSg-Sky: from?
(00:29 / All) LW-Stupidus: why does it matter
(00:36 / All) oSg-Sky: dknow
(00:44 / All) LW-Stupidus: ontario
(00:48 / All) oSg-Sky: usa?
(00:52 / All) LW-Stupidus: canada
(00:55 / All) oSg-Sky: oke
(00:57 / All) oSg-Sky: me rus
(01:02 / All) LW-Stupidus: tell me
(01:09 / All) LW-Stupidus: why do russians end sentences in ))))
(01:15 / All) oSg-Sky: dknow
(01:22 / All) LW-Stupidus: i see
(01:34 / All) LW-Stupidus: also
(01:39 / All) LW-Stupidus: why do people think russians hack
(01:44 / All) oSg-Sky: dont `
(01:56 / All) LW-Stupidus: oh they don't?
(02:03 / All) oSg-Sky: dont speak sry
(03:10 / All) oSg-Sky: play with mass lol_000)))
(03:25 / All) LW-Stupidus: cant do anything else
(04:11 / All) LW-Stupidus: interesting
(04:15 / All) oSg-Sky: y)
(04:27 / All) LW-Stupidus: mass wars
(04:31 / All) oSg-Sky: y
(04:31 / All) oSg-Sky: y
(04:35 / All) LW-Stupidus: y what
(04:42 / All) oSg-Sky: mass
(04:54 / All) LW-Stupidus: cuz it's fun
(05:00 / All) oSg-Sky: :D
(05:09 / All) LW-Stupidus: micro is for try-hards
(06:43 / All) LW-Stupidus: oh my
(06:55 / All) LW-Stupidus: this is like
(06:56 / All) oSg-Sky: y
(06:56 / All) LW-Stupidus: what i do
(06:57 / All) oSg-Sky: )))
(07:00 / All) LW-Stupidus: every game lol
(08:35 / All) oSg-Sky: its gg man
(08:41 / All) LW-Stupidus: guess so
(10:47 / All) oSg-Sky: leave nap
(12:33 / All) oSg-Sky: plz leave
(12:37 / All) LW-Stupidus: no lol
(16:15 / All) oSg-Sky: omhg
(16:17 / All) LW-Stupidus: lol
(16:18 / All) oSg-Sky: fucking
(16:19 / All) oSg-Sky: me
(16:25 / All) LW-Stupidus: watch repllay ^^
(16:26 / All) oSg-Sky: u noob man
(16:34 / All) LW-Stupidus: noob pwned towerush
(16:35 / All) oSg-Sky: i play ne
(16:50 / All) LW-Stupidus: so
(16:53 / All) LW-Stupidus: do u know why i win
(17:03 / All) oSg-Sky: go custom 1x1 random
(17:06 / All) oSg-Sky: ???
(17:08 / All) LW-Stupidus: why would i do that lol
(17:16 / All) oSg-Sky: because u nap
(17:24 / All) LW-Stupidus: i got nothing to prove
(17:32 / All) oSg-Sky: go custom?P
(17:36 / All) LW-Stupidus: nah
(17:38 / All) LW-Stupidus: now it's my turn
(17:40 / All) oSg-Sky: NOOB
(17:40 / All) LW-Stupidus: 'leave'